 Dungeon Crawl Stone Soup version 0.30-a0-986-g7f2e898f52 (webtiles) character file.

Game seed: 12361127763201087288

173 jimonade the Trooper (level 5, 0/46 HPs)
             Began as a Hill Orc Fighter on Apr 1, 2023.
             Slain by an orc
             ... wielding a +0 trident
              (6 damage)
             ... on level 3 of the Dungeon.
             The game lasted 00:02:56 (1751 turns).

jimonade the Trooper (Hill Orc Fighter)             Turns: 1751, Time: 00:02:57

Health: 0/46       AC:  8    Str: 21    XL:     5   Next: 53%
Magic:  7/7        EV:  9    Int:  8    God:
Gold:   158        SH:  4    Dex: 10    Spells: 4/4 levels left

rFire   . . .      SeeInvis .    a - +0 trident
rCold   . . .      Faith    .    c - +0 buckler
rNeg    . . .      Spirit   .    b - +0 scale mail
rPois   .          Reflect  .    (no helmet)
rElec   .          Rampage  .    (no cloak)
rCorr   .                        (no gloves)
Will    .....                    e - +0 pair of boots Stlth
                                 (no amulet)
HPRegen 0.27/turn                (no ring)
MPRegen 0.10/turn                (no ring)

@: no status effects
A: no striking features
a: no special abilities


You were on level 3 of the Dungeon.
You visited 1 branch of the dungeon, and saw 3 of its levels.

You collected 158 gold pieces.

Inventory:

Hand Weapons
 a - a +0 trident (weapon)
 h - a +0 spear
Missiles
 j - 63 stones (quivered)
 m - 6 boomerangs
Armour
 b - a +0 scale mail (worn)
 c - a +0 buckler (worn)
 e - a +0 pair of boots (worn)
Wands
 r - a wand of roots (8)
Scrolls
 f - 5 scrolls of poison {unknown}
 k - 2 scrolls of torment {unknown}
 l - a scroll of summoning {unknown}
 o - 3 scrolls of fear {unknown}
 p - 2 scrolls of identify {unknown}
 q - a scroll of immolation {unknown}
 t - a scroll of acquirement {unknown}
Potions
 d - 3 potions of might
 g - 2 potions of heal wounds {unknown}
 i - a potion of berserk rage {unknown}
 n - a potion of haste {unknown}
 s - a potion of curing {unknown}


   Skills:
 + Level 4.2 Fighting
 + Level 3.7 Polearms
 + Level 3.8 Armour
 + Level 1.2 Dodging
 + Level 3.6 Shields
 * Level 3.1 Invocations


You had 4 spell levels left.
You didn't know any spells.
Your spell library contained the following spells:

 Spells                   Type           Power      Damage    Failure   Level
 Sublimation of Blood     Necr           0%         N/A       93%         2
 Petrify                  Tmut/Erth      0%         N/A       100%        4
 Irradiate                Conj/Tmut      0%         3d11      100%        5


Dungeon Overview and Level Annotations

Branches:
Dungeon (3/15)

Altars:
Sif Muna

Annotations:
D:2 1 runed translucent door, Crazy Yiuf


Message History

You hit the orc wizard.
The orc wizard is almost dead.
The orc barely misses you.
The orc wizard hits you but does no damage.
You block something's attack.
The orc hits you from afar with a +0 trident.
The orc hits you but does no damage. Something hits you but does no damage.
The orc hits you from afar with a +0 trident!
The orc wizard mumbles some strange words.
The orc wizard flickers and vanishes!
You are too injured to fight recklessly!
You are too injured to fight recklessly!
You are too injured to fight recklessly!
You are too injured to fight recklessly!
You are too injured to fight recklessly!
Something hits you but does no damage.
A magic dart appears from out of thin air!
The magic dart hits something.
Reactivating autopickup.
You feel a bit more experienced. The orc hits you but does no damage.
You hit the orc.
The orc is heavily wounded.
The orc hits you with a +0 club.
You hit the orc.
You kill the orc!
Deactivating autopickup; reactivate with Ctrl-A.
You hit something. You block something's attack. The orc barely misses you.
You closely miss something. Something hits you.
The orc hits you from afar with a +0 trident.
* * * LOW HITPOINT WARNING * * *
You miss something.
You hear some strange, mumbled words.
A puff of flame appears from out of thin air!
The puff of flame hits you.
* * * LOW HITPOINT WARNING * * *
You block the orc's attack.
You miss something. Something hits you but does no damage.
The orc hits you from afar with a +0 trident.
You die...

##.### #..#
#... #.o#
##### ###.?##
#..)..#
...P.P.#.###
.......#...#
#......###o#
...P... #{#
#####.# #@#
#... #.# #.#.
#.# ##
#<######.# ..
#.#......# .#
#.#.###### .#
#.#.#
.########.#.#
............#


You could see an orc.

Vanquished Creatures
  A hound zombie (D:3)
  A hound skeleton (D:3)
  5 adders
  A worm (D:3)
  A dart slug (D:1)
  3 orcs (D:3)
  6 endoplasms
  2 giant cockroaches (D:1)
  10 goblins
  7 hobgoblins
  8 kobolds
  A quokka (D:1)
  6 ball pythons
  A ball python skeleton (D:3)
  2 bats
  6 frilled lizards
  A giant cockroach zombie (D:3)
  10 rats
72 creatures vanquished.

Vanquished Creatures (others)
  An orc wizard (D:3)
  A fungus (D:1)
  7 plants (D:1)
9 creatures vanquished.

Grand Total: 81 creatures vanquished

Notes
Turn   | Place    | Note
-------+----------+-------------------------------------------
     0 | D:1      | jimonade the Hill Orc Fighter began the quest for the Orb.
     0 | D:1      | Reached XP level 1. HP: 19/19 MP: 1/1
    63 | D:1      | Reached skill level 1 in Invocations
    63 | D:1      | Reached XP level 2. HP: 21/27 MP: 2/2
    91 | D:1      | Found a faded altar of an unknown god.
   298 | D:1      | Reached XP level 3. HP: 33/33 MP: 4/4
   312 | D:1      | Reached skill level 4 in Fighting
   794 | D:2      | Reached XP level 4. HP: 35/40 MP: 5/5
   934 | D:2      | Found a runed translucent door.
   935 | D:2      | Noticed Crazy Yiuf
  1497 | D:3      | Reached XP level 5. HP: 46/46 MP: 7/7
  1577 | D:3      | Reached skill level 1 in Dodging
  1665 | D:3      | Found a shimmering blue altar of Sif Muna.
  1751 | D:3      | Slain by an orc

Illustrated notes

Levels and vault maps discovered:
D:1:      psy_arrival_whirlpool, layout_loops_ring,
          shapermc_ecumenical_altar_mp_ritualfount
D:2:      layout_basic, uniq_crazy_yiuf_cottage
D:3:      layout_basic, led_sif_pool, serial_undead, serial_undead_e,
          serial_undead_c, serial_undead_d, serial_undead_e, serial_shops, shop

Skill      XL: |  1  2  3  4  5 |
---------------+----------------+-----
Invocations    | 1 2 3 |  3.1
Fighting       | 4 |  4.2
Polearms       | 3 |  3.7
Dodging        | 1 |  1.2
Armour         | |  3.8
Shields        | |  3.6

Action                     |  1- 3 |  4- 6 || total
---------------------------+-------+-------++-------
  Melee: Trident           |   119 |   138 ||   257
 Armour: Scale mail        |    38 |    67 ||   105
  Dodge: Dodged            |    42 |    54 ||    96
  Block: Buckler           |    15 |    25 ||    40

Table legend: (Time is in decaauts)
 A = Elapsed time spent in this place.
 B = Non-inter-level travel time spent in this place.
 C = Inter-level travel time spent in this place.
 D = Time resting spent in this place.
 E = Time spent auto-exploring this place.
 F = Levels seen in this place.
 G = Mean time per level.
                   A        B        C        D        E       F      G
               +--------+--------+--------+--------+--------+-----+--------+
         Total |   1800 |   1700 |    100 |      0 |   1117 |   3 |  600.0 |
       Dungeon |   1800 |   1700 |    100 |      0 |   1117 |   3 |  600.0 |
               +--------+--------+--------+--------+--------+-----+--------+

Top non-repeatable levels by time:
     D:2: 710 daAuts
     D:1: 709 daAuts
     D:3: 381 daAuts
